 Dungeon Crawl Stone Soup version 0.19.1 (webtiles) character file.

86 Dfrag the Firebug (level 4, -3/30 HPs)
             Began as a Demonspawn Fire Elementalist on Nov 26, 2016.
             Killed from afar by an orc wizard (6 damage)
             ... with a magic dart
             ... on level 3 of the Dungeon.
             The game lasted 00:03:37 (1828 turns).

Dfrag the Firebug (Demonspawn Fire Elementalist)    Turns: 1828, Time: 00:03:38

Health: -3/30      AC:  3    Str:  8    XL:     4   Next: 27%
Magic:  2/8        EV: 12    Int: 17    God:
Gold:   122        SH:  0    Dex: 14    Spells: 2 memorised, 4 levels left

rFire  . . .     SeeInvis .     (no weapon)
rCold  . . .     Gourm    .     a - +0 robe
rNeg   . . .     Faith    .     (no shield)
rPois  .         Spirit   .     m - +0 helmet
rElec  .         Reflect  .     (no cloak)
rCorr  .         Harm     .     (no gloves)
MR     .....                    (no boots)
Stlth  ++........               (no amulet)
                                (no ring)
                                (no ring)

@: no status effects
A: foul stench 1, rot immunity
a: no special abilities


You were on level 3 of the Dungeon.
You were not hungry.

You visited 1 branch of the dungeon, and saw 3 of its levels.

You collected 122 gold pieces.

Inventory:

Armour
 a - a +0 robe (worn)
 m - a +0 helmet (worn)
Wands
 q - a wand of flame (27/48)
Scrolls
 g - 2 scrolls of teleportation {unknown}
 h - a scroll of magic mapping {unknown}
 i - a scroll of amnesia {unknown}
 n - a scroll of remove curse {unknown}
Potions
 e - 2 potions of curing {unknown}
 f - 2 potions of magic {unknown}
 j - a potion of mutation {unknown}
 k - a potion of haste {unknown}
 l - 2 potions of ambrosia {unknown}
 p - a potion of might {unknown}
 r - a potion of brilliance {unknown}
Books
 b - a book of Flames

   Spells                             Type                      Level
   a - Flame Tongue                   Conjuration/Fire             1
   b - Throw Flame                    Conjuration/Fire             2
   c - Conjure Flame                  Conjuration/Fire             3
   d - Inner Flame                    Hexes/Fire                   3
   e - Sticky Flame                   Conjuration/Fire             4
   f - Fireball                       Conjuration/Fire             5
Comestibles
 c - 2 bread rations
 d - a meat ration


   Skills:
 - Level 1.7 Dodging
 - Level 1.7 Stealth
 + Level 3.0 Spellcasting
 + Level 2.6 Conjurations
 + Level 3.2 Fire Magic


You had 4 spell levels left.
You knew the following spells:

 Your Spells              Type           Power        Failure   Level  Hunger
a - Flame Tongue          Conj/Fire      ##...        6%          1    None
d - Sticky Flame          Conj/Fire      ##......     58%         4    ####...


Dungeon Overview and Level Annotations

Branches:
Dungeon (3/15)

Altars:


Innate Abilities, Weirdness & Mutations

You may emit foul miasma when damaged in melee.
You are immune to rotting.


Message History

You're too confused!
You bump into the rock wall.
The orc wizard casts a spell at you. The puff of flame hits you!
* * * LOW HITPOINT WARNING * * *
You bump into the rock wall.
The orc wizard gestures wildly while chanting.
The orc wizard flickers and vanishes!
Deactivating autopickup; reactivate with Ctrl-A.
You bump into the rock wall.
You feel less confused.
Casting: Flame Tongue
Confirm with . or Enter, or press ? or * to list all spells.
Aiming: Flame Tongue
Press: ? - help, Shift-Dir - straight line The flame tongue hits something.
You hear some strange, mumbled words.
A magic dart appears from out of thin air!
The magic dart hits you!
You die...

### #.##### #.†[..#
#.###.# #†# #.# #.#
#.###### ###.#
#...@..#
#..>########o# #####
#......# #.# ....#
#......# #.#
###.###......### ..o
................ .>.
###.#.#......###..oo.
# #..........# ....o
#####.##.....#
#......


You could see an orc.

Vanquished Creatures
  2 adders (D:2)
  2 worms
  3 dart slugs
  An orc (D:3)
  4 giant cockroaches
  7 goblins
  8 hobgoblins
  6 jackals
  A quokka (D:2)
  A ball python (D:1)
  3 bats
  6 frilled lizards
  3 kobolds
  5 rats
52 creatures vanquished.

Notes
Turn   | Place    | Note
-------+----------+-------------------------------------------
     0 | D:1      | Dfrag the Demonspawn Fire Elementalist began the quest for the Orb.
     0 | D:1      | Reached XP level 1. HP: 13/13 MP: 3/3
   208 | D:1      | Gained mutation: You are immune to rotting. [demonic ancestry]
   208 | D:1      | Reached XP level 2. HP: 9/19 MP: 1/5
   570 | D:1      | You fall through a shaft!
   820 | D:2      | Reached XP level 3. HP: 24/24 MP: 3/6
  1568 | D:2      | Gained mutation: You may emit foul miasma when damaged in melee. [demonic ancestry]
  1568 | D:2      | Reached XP level 4. HP: 30/30 MP: 2/8
  1809 | D:3      | Learned a level 4 spell: Sticky Flame
  1828 | D:3      | Killed from afar by an orc wizard

Skill      XL: |  1  2  3  4 |
---------------+-------------+-----
Conjurations   | 2 |  2.6
Fire Magic     | 3 |  3.2
Spellcasting   | 3 |  3.0
Dodging        | |  1.7
Stealth        | |  1.7

Action                   |  1- 3 |  4- 6 || total
-------------------------+-------+-------++-------
Melee: Unarmed           |    37 |    27 ||    64
 Cast: Flame Tongue      |    69 |    22 ||    91
  Eat: Chunk             |     2 |     1 ||     3
Armor: Robe              |    31 |     9 ||    40
Dodge: Dodged            |    78 |    29 ||   107
